 Dungeon Crawl Stone Soup version 0.19.0-11-g3fc08b3 (webtiles) character file.

67 imganon the Conjurer (level 3, -1/24 HPs)
             Began as a Demonspawn Wizard on Nov 9, 2016.
             Slain by Natasha (8 damage)
             ... on level 1 of the Dungeon.
             The game lasted 00:06:44 (2813 turns).

imganon the Conjurer (Demonspawn Wizard)            Turns: 2813, Time: 00:06:45

Health: -1/24      AC:  3    Str:  7    XL:     3   Next: 98%
Magic:  1/7        EV: 12    Int: 20    God:
Gold:   65         SH:  0    Dex: 11    Spells: 1 memorised, 7 levels left

rFire  . . .     SeeInvis .     (no weapon)
rCold  . . .     Gourm    .     a - +0 robe
rNeg   . . .     Faith    .     (no shield)
rPois  .         Spirit   .     b - +0 hat
rElec  .         Reflect  .     (no cloak)
rCorr  .         Harm     .     (no gloves)
MR     .....                    (no boots)
Stlth  ++........               (no amulet)
                                (no ring)
                                (no ring)

@: slowed, very slow
A: rugged brown scales 1, powered by pain 1
a: no special abilities


You were on level 1 of the Dungeon.
You were not hungry.

You visited 1 branch of the dungeon, and saw 2 of its levels.

You collected 65 gold pieces.

Inventory:

Armour
 a - a +0 robe (worn)
 b - a +0 hat (worn)
Jewellery
 m - an uncursed ring of wizardry {unknown}
Scrolls
 f - 2 scrolls of identify {unknown}
 o - a scroll of enchant weapon {unknown}
Potions
 e - 3 potions of curing {unknown}
 g - a potion of resistance {unknown}
 h - a potion of mutation {unknown}
 i - a potion of lignification {unknown}
 j - a potion of agility
 l - a potion of flight {unknown}
 n - a potion of heal wounds {unknown}
Books
 c - a book of Minor Magic

   Spells                             Type                      Level
   a - Magic Dart                     Conjuration                  1
   b - Blink                          Translocation                2
   c - Call Imp                       Summoning                    2
   d - Repel Missiles                 Charms/Air                   2
   e - Slow                           Hexes                        2
   f - Conjure Flame                  Conjuration/Fire             3
   g - Mephitic Cloud                 Conjuration/Poison/Air       3
Comestibles
 d - a bread ration
 k - a slice of pizza
 p - a chunk of flesh


   Skills:
 - Level 1.7 Dodging
 - Level 1.7 Stealth
 - Level 3.0 Spellcasting
 + Level 3.9 Conjurations
   Level 1.0 Summonings
   Level 0.8 Translocations


You had 7 spell levels left.
You knew the following spells:

 Your Spells              Type           Power        Failure   Level  Hunger
a - Magic Dart            Conj           ###.         2%          1    None


Dungeon Overview and Level Annotations

Branches:
Dungeon (2/15)

Altars:
Gozag

Annotations:
D:1 Natasha
D:2 Robin


Innate Abilities, Weirdness & Mutations

You are partially covered in rugged brown scales. (AC +1, +3% HP)
You sometimes gain a little power by taking damage.


Message History

Casting: Magic Dart
Confirm with . or Enter, or press ? or * to list all spells.
Aiming: Magic Dart
Press: ? - help, Shift-Dir - straight line, f/p - Natasha
Aim: Natasha (heavily wounded, unusually agile)
The magic dart hits Natasha.
Natasha is heavily wounded.
Natasha casts a spell at you.
You feel yourself slow down. Natasha barely misses you.
You climb upwards.
There is a stone staircase leading down here.
Natasha closely misses you. Natasha claws you. Natasha claws you.
* * * LOW HITPOINT WARNING * * *
Natasha barely misses you. Natasha closely misses you. Natasha claws you!
You die...

#.# #..........#
#..# #.#
#.####...#######.##
#.#
#.#####.###......#
#.# ##..>....#
#.###.######## #.#
#..#####.#
#.#.......(...
#.###..#####.#
#.#.#.########
#............#
#.....#
#####..#####h#
###.### #..# #@#
#.# #..# #.#
###.### #..# #.#
#.....#
#..#####.###.....#
#................#
#.######.........#
#.# ####......#
#.########.....###
#..............#
######


You could see Natasha.

Vanquished Creatures
  An adder (D:2)
  2 worms (D:1)
  A dart slug (D:1)
  3 giant cockroaches (D:1)
  11 goblins
  4 hobgoblins
  7 jackals
  A quokka (D:2)
  6 bats
  A frilled lizard (D:1)
  3 kobolds
  3 rats
43 creatures vanquished.

Notes
Turn   | Place    | Note
-------+----------+-------------------------------------------
     0 | D:1      | imganon the Demonspawn Wizard began the quest for the Orb.
     0 | D:1      | Reached XP level 1. HP: 13/13 MP: 4/4
   313 | D:1      | Gained mutation: You sometimes gain a little power by taking damage. [demonic ancestry]
   313 | D:1      | Reached XP level 2. HP: 19/19 MP: 1/6
  1163 | D:2      | Gained mutation: You are partially covered in rugged brown scales. (AC +1, +3% HP) [demonic ancestry]
  1163 | D:2      | Reached XP level 3. HP: 15/24 MP: 0/7
  1970 | D:2      | Noticed Robin
  2201 | D:2      | Found an opulent altar of Gozag.
  2782 | D:2      | Noticed Natasha
  2813 | D:1      | Slain by Natasha

Skill      XL: |  1  2 |
---------------+-------+-----
Conjurations   | 2 3 |  3.9
Dodging        | |  1.7
Stealth        | |  1.7
Spellcasting   | |  3.0
Summonings     | |  1.0
Translocations | |  0.8

Action                   || total
-------------------------++-------
Melee: Unarmed           ||    19
 Cast: Magic Dart        ||   160
  Eat: Chunk             ||     6
Armor: Robe              ||    63
Dodge: Dodged            ||    99
